 Dungeon Crawl Stone Soup version 0.27.1-35-g4d5d836560 (webtiles) character file.

Game seed: 3115251737707616037

1106 Delamore the Slicer (level 8, -4/50 HPs)
             Began as an Octopode Brigand on May 3, 2022.
             Slain by an ice beast (6 damage)
             ... on level 5 of the Dungeon.
             The game lasted 00:05:13 (6181 turns).

Delamore the Slicer (Octopode Brigand)              Turns: 6181, Time: 00:05:14

Health: -4/50      AC:  1    Str: 11    XL:     8   Next: 33%
Magic:  0/8        EV: 12    Int: 13    God:
Gold:   139        SH:  0    Dex: 15    Spells: 7/7 levels left

rFire    . . .     SeeInvis .   a - +2 dagger
rCold    . . .     Faith    .   (no shield)
rNeg     . . .     Spirit   +   (helmet restricted)
rPois    .         Reflect  .   r - amulet of guardian spirit
rElec    .         Harm     .   (no ring)
rCorr    .         Rampage  .   (no ring)
Will     .....                  (no ring)
Stlth    ++++......             (no ring)
HPRegen  0.16/turn              (no ring)
MPRegen  0.11/turn              (no ring)
                                (no ring)
                                (no ring)

@: no status effects
A: almost no armour, amphibious, 8 rings, camouflage 1, gelatinous body 1,
(nimble swimmer 1), tentacles
a: no special abilities


You were on level 5 of the Dungeon.
You visited 2 branches of the dungeon, and saw 6 of its levels.

You collected 139 gold pieces.

Inventory:

Hand Weapons
 a - a +2 dagger (weapon)
Missiles
 b - 36 poisoned darts
 g - a boomerang of dispersal (quivered)
 v - a throwing net
 x - 2 boomerangs
Armour
 p - a +0 kite shield
Jewellery
 r - an amulet of guardian spirit (around mantle)
Wands
 y - a wand of paralysis (6)
 A - a wand of digging (3)
Scrolls
 d - a scroll of fog
 f - 2 scrolls of teleportation
 j - a scroll of immolation
 k - a scroll of silence {unknown}
 l - a scroll of noise {unknown}
 o - 2 scrolls of enchant armour
 B - a scroll of summoning {unknown}
Potions
 e - 2 potions of resistance {unknown}
 h - 4 potions of curing {unknown}
 i - 2 potions of attraction {unknown}
 m - 4 potions of brilliance {unknown}
 n - a potion of haste {unknown}
 q - 2 potions of heal wounds {unknown}
 s - a potion of invisibility {unknown}
 t - a potion of lignification {unknown}
 u - a potion of mutation {unknown}
 w - 3 potions of might {unknown}
 z - 2 potions of berserk rage {unknown}


   Skills:
 - Level 2.0 Fighting
 * Level 8.9 Short Blades
 - Level 4.0 Throwing
 - Level 1.0 Dodging
 - Level 6.1 Stealth


You had 7 spell levels left.
You didn't know any spells.
Your spell library contained the following spells:

 Spells                   Type           Power      Damage    Failure   Level
 Foxfire                  Conj/Fire      0%         2x1d4     30%         1
 Blink                    Tloc           N/A        N/A       43%         2
 Ensorcelled Hibernation  Hex/Ice        0%         N/A       43%         2
 Conjure Flame            Conj/Fire      0%         6-21      67%         3
 Inner Flame              Hex/Fire       0%         N/A       67%         3
 Spider Form              Tmut/Pois      0%         N/A       67%         3
 Manifold Assault         Tloc           0%         N/A       100%        5
 Shadow Creatures         Summ           N/A        N/A       100%        6
 Storm Form               Tmut/Air       0%         N/A       100%        7


Dungeon Overview and Level Annotations

Branches:
Dungeon (5/15)             Temple (1/1) D:4

Altars:
Ashenzari
Cheibriados
Elyvilon
Fedhas
Kikubaaqudgha
Makhleb
Nemelex Xobeh
Ru
Trog
Uskayaw
Vehumet
Wu Jian
Yredelemnul
The Shining One
Lugonu

Shops:
D:4 [


Innate Abilities, Weirdness & Mutations

You cannot wear most types of armour.
You are amphibious.
You can wear up to eight rings at the same time.
Your skin changes colour to match your surroundings (Stealth+).
Your rubbery body absorbs attacks. (AC +1, EV +1)
((You are camouflaged near water. (Stealth+)))
You have tentacles for arms and can constrict up to eight enemies at once.


Message History

You are too injured to fight recklessly!
You are too injured to fight recklessly!
You are too injured to fight recklessly!
You are too injured to fight recklessly!
You are too injured to fight recklessly!
You are too injured to fight recklessly!
You are too injured to fight recklessly!
You are too injured to fight recklessly!
You are too injured to fight recklessly!
You are too injured to fight recklessly!
Throw: 2 darts (curare)
Press: ? - help, Q - select action, (/) - cycle Shift-Dir - straight line, f - ice beast
Aim: an ice beast (heavily wounded, 62% to hit)
You throw a curare-tipped dart.
The curare-tipped dart hits the ice beast.
The ice beast is heavily wounded.
Throw: dart (curare)
Press: ? - help, Q - select action, (/) - cycle Shift-Dir - straight line, f/p - ice beast
Aim: an ice beast (heavily wounded, 62% to hit)
You throw a curare-tipped dart.
The curare-tipped dart hits the ice beast.
The ice beast is heavily wounded.
The ice beast hits you. The ice beast freezes you!
* * * LOW HITPOINT WARNING * * *
Throw: 3 boomerangs (disperse)
Press: ? - help, Q - select action, (/) - cycle Shift-Dir - straight line, f/p - ice beast
Aim: an ice beast (heavily wounded, 62% to hit)
You throw a boomerang of dispersal.
The boomerang of dispersal closely misses the ice beast.
The ice beast barely misses you.
Throw: 2 boomerangs (disperse)
Press: ? - help, Q - select action, (/) - cycle Shift-Dir - straight line, f/p - ice beast
Aim: an ice beast (heavily wounded, 62% to hit)
You throw a boomerang of dispersal.
The boomerang of dispersal hits the ice beast but does no damage.
The ice beast is heavily wounded.
The ice beast hits you.
* * * LOW HITPOINT WARNING * * *
The ice beast freezes you!
You die...

#..... #.
#.#### #. #.#
#. #.# #. #
#.# #.#####.#
#.# #. ....
#.# #Y##.####
#.# #.@.....#
#.# ####.##.#
#.# #.##.#
#.# #.##.#
#.#
#.##.######†#
#...........#
##...########
##### #.#


You could see an ice beast.

Vanquished Creatures
  Sigmund (D:5)
  Edmund (D:4)
  A sky beast (D:5)
  2 ogres
  2 scorpions (D:5)
  A howler monkey (D:5)
  A hound (D:5)
  2 bullfrog skeletons (D:5)
  2 centaur skeletons
  An iguana (D:5)
  6 adders
  12 gnolls
  An adder zombie (D:5)
  2 worms (D:2)
  A dart slug (D:5)
  7 orcs
  6 bats
  8 endoplasms
  2 giant cockroaches
  3 goblins
  5 hobgoblins
  3 jackals (D:3)
  3 quokkas
  8 ball pythons
  2 frilled lizards (D:1)
  4 kobolds (D:2)
  4 rats (D:2)
91 creatures vanquished.

Notes
Turn   | Place    | Note
-------+----------+-------------------------------------------
     0 | D:1      | Delamore the Octopode Brigand began the quest for the Orb.
     0 | D:1      | Reached XP level 1. HP: 14/14 MP: 1/1
   268 | D:1      | Found a faded altar of an unknown god.
   277 | D:1      | Reached XP level 2. HP: 14/19 MP: 2/2
  1240 | D:2      | Reached XP level 3. HP: 18/24 MP: 3/3
  1364 | D:2      | Reached skill level 3 in Short Blades
  1367 | D:2      | HP: 1/24 [poisoned by an adder]
  2118 | D:2      | Reached XP level 4. HP: 29/29 MP: 4/4
  2817 | D:3      | Found a burning altar of Makhleb.
  2862 | D:3      | Found a sparkling altar of Nemelex Xobeh.
  2979 | D:2      | Reached skill level 4 in Short Blades
  3289 | D:3      | Reached XP level 5. HP: 25/34 MP: 5/5
  3950 | D:3      | Found a broken altar of Ashenzari.
  3979 | D:4      | Found a basalt altar of Yredelemnul.
  4005 | D:4      | Reached XP level 6. HP: 26/39 MP: 4/6
  4157 | D:4      | Noticed Edmund
  4158 | D:4      | Found a staircase to the Ecumenical Temple.
  4526 | Temple   | Entered the Ecumenical Temple
  4832 | D:4      | Killed Edmund
  4833 | D:4      | Reached skill level 5 in Short Blades
  5061 | D:4      | Found a sacrificial altar of Ru.
  5076 | D:4      | Reached skill level 6 in Short Blades
  5076 | D:4      | Reached XP level 7. HP: 45/45 MP: 7/7
  5105 | D:4      | Found Quaxut's Armour Emporium.
  5392 | D:5      | Entered Level 5 of the Dungeon
  5495 | D:5      | Noticed Sigmund
  5503 | D:5      | Reached skill level 7 in Short Blades
  5508 | D:5      | Killed Sigmund
  5598 | D:5      | Reached skill level 8 in Short Blades
  5598 | D:5      | Reached XP level 8. HP: 50/50 MP: 8/8
  6181 | D:5      | HP: 2/50 [ice beast (4)]
  6181 | D:5      | Slain by an ice beast

Illustrated notes

Levels and vault maps discovered:
D:1:      dpeg_arrival_boxorama, layout_basic,
          hellmonk_ecumenical_altar_slurped_away, dk_noncrumbling_3
D:2:      layout_basic
D:3:      layout_rooms, nicolae_overflow_hidden_temple,
          makhleb_altar_promises_db, mainiacjoe_overflow_alcove_1
D:4:      layout_basic, overflow_temple_1_default,
          mainiacjoe_overflow_concentric_impassable,
          minmay_temple_entry_sparse_star, serial_shops, shop, uniq_edmund
D:5:      layout_basic, uniq_sigmund
Temple:   corrupted_temple

Skill      XL: |  1  2  3  4  5  6  7 |
---------------+----------------------+-----
Stealth        | 6 |  6.1
Short Blades   | 3 4 6 8 |  8.9
Throwing       | 3 4 |  4.0
Fighting       | |  2.0
Dodging        | |  1.0

Action                   |  1- 3 |  4- 6 |  7- 9 || total
-------------------------+-------+-------+-------++-------
Melee: Dagger            |    59 |    85 |    53 ||   197
       Constrict         |     9 |    21 |     8 ||    38
       Tentacles         |     7 |    21 |     8 ||    36
Throw: Dart              |       |    75 |     4 ||    79
       Boomerang         |       |     1 |     2 ||     3
  Use: Scroll            |     1 |       |     3 ||     4
 Stab: Sleeping          |    18 |     4 |    11 ||    33
       Distracted        |       |     1 |       ||     1
Armor: Skin              |       |     6 |     2 ||     8
Dodge: Dodged            |    20 |    40 |    15 ||    75
